 Dungeon Crawl Stone Soup version 0.25-b1-23-ge2ad7d536c (webtiles) character file.

Game seed: 9189246832987985856, levelgen mode: deterministic

110830 sentinel the Cleaver (level 16, -9/101 HPs)
             Began as a Gargoyle Fighter on June 3, 2020.
             Was a High Priest of Okawaru.
             Killed by divine providence
             ... invoked by an orc priest
              (11 damage)
             ... on level 1 of the Orcish Mines.
             The game lasted 00:28:49 (24348 turns).

sentinel the Cleaver (Gargoyle Fighter)            Turns: 24348, Time: 00:28:50

Health: -9/101     AC: 36    Str: 25    XL:     16   Next: 56%
Magic:  24/24      EV: 10    Int: 10    God:    Okawaru [*****.]
Gold:   1522       SH: 18    Dex: 10    Spells: 15/15 levels left

rFire    . . .     SeeInvis +   z - +7 broad axe (flame)
rCold    . . .     Gourm    .   J - +0 kite shield {reflect}
rNeg     + . .     Faith    .   o - +2 plate armour {MR+}
rPois    ∞         Spirit   .   U - +0 mask of the Dragon {MR+ Slay+3 SInv}
rElec    +         Reflect  +   H - scarf {+Inv}
rCorr    .         Harm     .   C - +2 pair of gloves
MR       +++..                  Z - +2 pair of boots
Stlth    ..........             s - amulet of reflection
HPRegen  0.26/turn              i - +4 ring of slaying
MPRegen  0.19/turn              j - +4 ring of slaying

@: about to teleport, flying
A: big wings, negative energy resistance 1, electricity resistance, unbreathing,
petrification resistance, rot immunity, AC +12
a: Stop Flying, Heroism, Finesse, Renounce Religion, Evoke Invisibility


You were on level 1 of the Orcish Mines.
You worshipped Okawaru.
Okawaru was extremely pleased with you.
You were hungry.

You visited 4 branches of the dungeon, and saw 24 of its levels.
You also visited: Sewer.

You collected 2239 gold pieces.
You spent 717 gold pieces at shops.

Inventory:

Hand Weapons
 z - a +7 broad axe of flaming (weapon)
Missiles
 d - 6 curare-tipped darts (quivered)
Armour
 a - a +2 cloak of magic resistance
 o - a +2 plate armour of magic resistance (worn)
 C - a +2 pair of gloves (worn)
 H - a scarf of invisibility (worn)
 J - a +0 kite shield of reflection (worn)
 U - the +0 mask of the Dragon (worn) {MR+ Slay+3 SInv}
   (You found it on level 6 of the Lair of Beasts)

   It affects your accuracy and damage with ranged weapons and melee attacks
   (+3).
   It affects your resistance to hostile enchantments.
   It lets you see invisible.
 X - the +3 ring mail "Reinoj" {rF+ rC+ MR- Int+2}
   (Okawaru gifted it to you on level 6 of the Lair of Beasts)

   It affects your intelligence (+2).
   It protects you from fire.
   It protects you from cold.
   It affects your resistance to hostile enchantments.
 Z - a +2 pair of boots (worn)
Jewellery
 f - an uncursed ring of protection from fire
 i - a +4 ring of slaying (left hand)
 j - a +4 ring of slaying (right hand)
 k - an uncursed ring of resist corrosion
 m - an uncursed ring of protection from magic
 s - an amulet of reflection (around neck)
 v - a +4 ring of evasion
 Q - an uncursed ring of ice
Wands
 A - a wand of acid (34)
 E - a wand of enslavement (9)
 I - a wand of iceblast (13)
 P - a wand of paralysis (8)
Scrolls
 b - 2 scrolls of fog
 r - 6 scrolls of identify
 t - 9 scrolls of teleportation
 u - 5 scrolls of magic mapping
 x - 15 scrolls of remove curse
 y - a scroll of enchant armour
 R - a scroll of vulnerability
Potions
 c - 2 potions of stabbing
 g - 3 potions of cancellation
 h - 2 potions of haste
 l - a potion of invisibility
 p - 4 potions of berserk rage
 q - 5 potions of curing
 w - a potion of heal wounds
 G - 2 potions of magic
 M - 4 potions of mutation
 O - a potion of ambrosia
 T - 2 potions of lignification
Comestibles
 e - 39 rations


   Skills:
 + Level 11.9 Fighting
 * Level 13.5 Axes
 + Level 11.9 Armour
 + Level 7.6 Dodging
 + Level 11.9 Shields
 - Level 10.0 Invocations
 * Level 11.7 Evocations


You had 15 spell levels left.
You didn't know any spells.
Your spell library contained the following spells:

 Spells                   Type           Power        Failure   Level  Hunger
 Animate Skeleton         Necr           N/A          99%         1    ##.....
 Apportation              Tloc           #.....       99%         1    ##.....
 Beastly Appendage        Tmut           #.....       99%         1    ##.....
 Corona                   Hex            #......      99%         1    ##.....
 Foxfire                  Conj/Fire      #...         99%         1    ##.....
 Pain                     Necr           #...         99%         1    ##.....
 Shock                    Conj/Air       #...         99%         1    ##.....
 Summon Small Mammal      Summ           #...         99%         1    ##.....
 Call Imp                 Summ           #.......     100%        2    ###....
 Ensorcelled Hibernation  Hex/Ice        #.....       100%        2    ###....
 Slow                     Hex            #.......     100%        2    ###....
 Sticks to Snakes         Tmut           #.......     100%        2    ###....
 Swiftness                Chrm/Air       #.......     100%        2    ###....
 Call Canine Familiar     Summ           #.......     100%        3    ####...
 Confusing Touch          Hex            #.......     100%        3    ####...
 Conjure Flame            Conj/Fire      #.......     100%        3    ####...
 Gell's Gravitas          Tloc           #.........   100%        3    ####...
 Inner Flame              Hex/Fire       #.......     100%        3    ####...
 Portal Projectile        Hex/Tloc       #.....       100%        3    ####...
 Spider Form              Tmut/Pois      #.........   100%        3    ####...
 Static Discharge         Conj/Air       #.......     100%        3    ####...
 Summon Guardian Golem    Hex/Summ       #.......     100%        3    ####...
 Vampiric Draining        Necr           #.........   100%        3    ####...
 Airstrike                Air            #.........   100%        4    #####..
 Animate Dead             Necr           N/A          100%        4    #####..
 Cause Fear               Hex            #.........   100%        4    #####..
 Ice Form                 Ice/Tmut       #.......     100%        4    #####..
 Leda's Liquefaction      Hex/Erth       #.........   100%        4    #####..
 Petrify                  Tmut/Erth      #.......     100%        4    #####..
 Sticky Flame             Conj/Fire      #.......     100%        4    #####..
 Summon Ice Beast         Ice/Summ       #.......     100%        4    #####..
 Summon Lightning Spire   Summ/Air       #.......     100%        4    #####..
 Agony                    Necr           #.......     100%        5    ######.
 Aura of Abjuration       Summ           #.........   100%        5    ######.
 Blade Hands              Tmut           #.........   100%        5    ######.
 Borgnjor's Vile Clutch   Necr/Erth      #.........   100%        5    ######.
 Fireball                 Conj/Fire      #.........   100%        5    ######.
 Lightning Bolt           Conj/Air       #.........   100%        5    ######.
 Metabolic Englaciation   Hex/Ice        #.........   100%        5    ######.
 Silence                  Hex/Air        #.........   100%        5    ######.
 Summon Forest            Summ/Tloc      #.........   100%        5    ######.
 Yara's Violent Unravell  Hex/Tmut       #.........   100%        5    ######.
 Darkness                 Hex            #.........   100%        6    #######
 Shadow Creatures         Summ           N/A          100%        6    #######
 Haunt                    Necr/Summ      #.........   100%        7    #######
 Borgnjor's Revivificati  Necr           #.........   100%        8    #######
 Death's Door             Chrm/Necr      #.........   100%        8    #######
 Infestation              Necr           #.........   100%        8    #######
 Necromutation            Tmut/Necr      #.........   100%        8    #######
 Dragon's Call            Summ           #.........   100%        9    #######


Dungeon Overview and Level Annotations

Branches:
Dungeon (15/15)            Temple (1/1) D:5            Lair (6/6) D:9
 Shoals (0/4) Lair:2       Spider (0/4) Lair:4        Slime (0/5) Lair:5
    Orc (2/2) D:10            Elf (0/3) Orc:2        Vaults (0/5) D:14
 Depths (0/5) D:15          Sewer (visited)

Altars:
Ashenzari
Cheibriados
Dithmenos
Elyvilon
Fedhas
Gozag
Hepliaklqana
Kikubaaqudgha
Makhleb
Nemelex Xobeh
Okawaru
Qazlal
Ru
Sif Muna
Trog
Uskayaw
Vehumet
Wu Jian
Xom
Yredelemnul
Zin
The Shining One

Shops:
D:10 *   Orc:2 [=(*

Annotations:
D:8 1 runed translucent door
Lair:2 exclusion: 3 oklob plants


Innate Abilities, Weirdness & Mutations

You are resistant to torment.
Your stone body is resilient. (AC +12)
You are immune to poison.
Your large and strong wings let you fly indefinitely.
You resist negative energy. (rN+)
You are resistant to electric shocks. (rElec)
You can survive without breathing.
You are immune to petrification.
You are immune to rotting.


Message History

There are monsters nearby!
You are too injured to fight recklessly!
You are too injured to fight recklessly!
There are monsters nearby!
You are too injured to fight recklessly!
You are too injured to fight recklessly!
There are monsters nearby!
You are too injured to fight recklessly!
You are too injured to fight recklessly!
There are monsters nearby!
You are too injured to fight recklessly!
You are too injured to fight recklessly!
There are monsters nearby!
You are too injured to fight recklessly!
You are too injured to fight recklessly!
There are monsters nearby!
You are too injured to fight recklessly!
You are too injured to fight recklessly!
There are monsters nearby!
You are too injured to fight recklessly!
You are too injured to fight recklessly!
There are monsters nearby!
You are too injured to fight recklessly!
You are too injured to fight recklessly!
There are monsters nearby!
You are too injured to fight recklessly!
You are too injured to fight recklessly!
There are monsters nearby!
You are too injured to fight recklessly!
You are too injured to fight recklessly!
There are monsters nearby!
You are too injured to fight recklessly!
You are too injured to fight recklessly!
There are monsters nearby!
You are too injured to fight recklessly!
You are too injured to fight recklessly!
There are monsters nearby!
You are too injured to fight recklessly!
You are too injured to fight recklessly!
There are monsters nearby!
You are too injured to fight recklessly!
You are too injured to fight recklessly!
There are monsters nearby!
You are too injured to fight recklessly!
You are too injured to fight recklessly!
There are monsters nearby!
You are too injured to fight recklessly!
You are too injured to fight recklessly!
There are monsters nearby!
You are too injured to fight recklessly!
You are too injured to fight recklessly!
There are monsters nearby!
You are too injured to fight recklessly!
You are too injured to fight recklessly!
There are monsters nearby!
You are too injured to fight recklessly!
You are too injured to fight recklessly!
There are monsters nearby!
You are too injured to fight recklessly!
You are too injured to fight recklessly!
There are monsters nearby!
You are too injured to fight recklessly!
You are too injured to fight recklessly!
There are monsters nearby!
You are too injured to fight recklessly!
You are too injured to fight recklessly!
There are monsters nearby!
You are too injured to fight recklessly!
You are too injured to fight recklessly!
There are monsters nearby!
You are too injured to fight recklessly!
You are too injured to fight recklessly!
There are monsters nearby!
You are too injured to fight recklessly!
You are too injured to fight recklessly!
There are monsters nearby!
You are too injured to fight recklessly!
You are too injured to fight recklessly!
There are monsters nearby!
You are too injured to fight recklessly!
You are too injured to fight recklessly!
There are monsters nearby!
You are too injured to fight recklessly!
You are too injured to fight recklessly!
There are monsters nearby!
You are too injured to fight recklessly!
You are too injured to fight recklessly!
There are monsters nearby!
You are too injured to fight recklessly!
You are too injured to fight recklessly!
There are monsters nearby!
You are too injured to fight recklessly!
Unknown command.
Unknown command.
Unknown command.
Unknown command.
Unknown command.
Unknown command.
Unknown command.
As you read the scroll of teleportation, it crumbles to dust.
You feel strangely unstable.
The orc wizard looks satisfied for a moment.
The orc warrior barely misses you.
The orc priest hits you but does no damage.
The orc warrior closely misses you. You block the warg's attack.
An orc wizard comes into view. It is wielding a +2 dagger of venom.
The orc warlord roars a battlecry!
The orc warlord goes into a battle-frenzy!
You block the orc priest's attack.
The orc priest looks braver for a moment.
The orc wizard casts a spell at you.
The puff of flame hits you but does no damage.
The orc warrior hits you but does no damage.
An orc comes into view.
The orc wizard gestures wildly while chanting.
The orc wizard seems to speed up.
You feel better. You block the warg's attack. You block the orc's attack.
The orc warrior hits you but does no damage.
The orc priest hits you but does no damage.
The orc warrior hits you from afar with a +0 trident!
The orc wizard closely misses you.
The orc warrior hits you from afar with a +0 halberd.
The orc priest casts a cantrip, but nothing happens.
The orc priest mumbles some strange prayers to Beogh against you.
Beogh smites you!
* * * LOW HITPOINT WARNING * * *
The orc priest calls down the wrath of Beogh upon you.
Beogh smites you!
* * * LOW HITPOINT WARNING * * *
You block the orc warrior's attack. The warg closely misses you.
HP warning!
Okay, then.
You feel much better.
The orc wizard gestures at you while chanting.
The puff of flame misses you.
The puff of flame hits the orc priest.
You block the orc wizard's attack. The orc hits you but does no damage.
You block the orc warrior's attack.
An orc comes into view. It is wielding a +0 club.
The orc priest looks satisfied for a moment.
The orc warrior barely misses you.
The orc warrior hits you from afar with a +0 halberd!!
* * * LOW HITPOINT WARNING * * *
The orc priest hits you but does no damage.
An orc comes into view.
An orc priest comes into view. It is wielding a +0 short sword.
An orc priest comes into view. It is wielding a +0 morningstar.
The warg closely misses you.
The orc priest invokes the aid of Beogh against you.
Beogh smites you!
You die... #.#...# .. #..# oo.....

..#....
o......#.#.....
o.o............
..$..oo........
o....oooo......
....oooooo.....
...Oooo@ooo..$.


...ooOohooo.... ....oooooooo..# .....oooooo.... ...........o... .............$.
#....#.###....# ####### ##### You could see 2 orc warlords, a warg, 9 orc
warriors, 2 ogres, 11 orc priests, 8 orc wizards and 15 orcs.

Vanquished Creatures
  Kirke (D:13)
  An orc warlord (Orc:2)
  Nessos (D:13)
  Josephine (Lair:5)
  An ogre mage (D:15)
  A rakshasa (D:13)
  4 vault guards (D:14)
  3 hydras
  2 catoblepae
  2 centaur warriors
  A deep troll shaman (Lair:6)
  6 two-headed ogres
  A tengu warrior (D:14)
  22 death yaks
  3 orc high priests (Orc:2)
  Urug (Orc:2)
  4 unseen horrors
  4 skeletal warriors (D:12)
  A wizard (D:15)
  Pikel (D:9)
  A necromancer (D:12)
  3 orc knights
  A lindwurm (Lair:6)
  5 deep elf magi
  11 ugly things
  6 orc sorcerers
  2 manticores
  6 centaur zombies
  2 cyclopes
  8 elephants (Lair:6)
  A black mamba (shapeshifter) (D:15)
  5 black mambas
  A guardian serpent (shapeshifter) (D:14)
  3 gargoyles
  Maggie (D:7)
  10 spiny frogs
  A freezing wraith (D:14)
  A kobold demonologist (D:14)
  2 rime drakes
  A rime drake (shapeshifter) (D:14)
  4 tengu conjurers (D:14)
  10 komodo dragons
  9 trolls
  A polar bear (Lair:4)
  A hornet (D:14)
  6 slime creatures
  Prince Ribbit (D:8)
  21 blink frogs
  Grinder (D:5)
  13 hippogriffs
  4 flying skulls (D:12)
  12 dream sheep
  4 shadows
  A centaur simulacrum (D:14)
  4 spriggans
  A vampire (D:11)
  3 wyverns
  Eustachio (D:6)
  10 wraiths
  23 yaks
  6 basilisks
  9 vampire mosquitoes
  5 hogs (D:13)
  2 hungry ghosts
  A steam dragon (D:10)
  Menkaure (D:7)
  6 wargs
  Edmund (D:5)
  An acid dragon (D:13)
  2 soldier ants
  4 porcupines (Lair:3)
  11 water moccasins
  A hornet zombie (D:12)
  3 ice beasts
  3 slaves (D:9)
  A sky beast (D:13)
  2 necrophages (D:10)
  32 orc warriors
  4 phantoms
  2 eyes of draining
  A black bear (Lair:6)
  13 centaurs
  12 wolves (Lair:6)
  15 ogres
  15 crocodiles
  4 big kobolds
  Blork the orc (D:5)
  20 bullfrogs
  A gnoll sergeant (D:7)
  2 wyvern skeletons
  3 wyvern zombies (D:12)
  2 scorpions
  10 killer bees
  4 howler monkeys
  19 wights
  An electric eel (D:14)
  11 crimson imps
  A quasit (D:12)
  3 bullfrog zombies
  13 orc priests
  10 centaur skeletons
  A gnoll shaman (D:7)
  5 hounds
  7 jellies
  24 orc wizards
  6 bullfrog skeletons
  8 iguanas
  10 worker ants
  3 hound skeletons
  A howler monkey skeleton (D:10)
  21 gnolls
  29 adders
  A river rat (D:4)
  2 shadow imps
  9 oozes
  3 adder skeletons (D:7)
  A worm (D:3)
  18 leopard geckos
  73 orcs
  13 ball pythons
  12 giant cockroaches
  8 goblins
  6 hobgoblins
  16 jackals
  4 quokkas
  7 bats
  14 frilled lizards
  A giant cockroach zombie (D:5)
  A jackal skeleton (D:4)
  20 kobolds
  A kobold skeleton (D:8)
  A kobold zombie (D:8)
  2 quokka skeletons
  6 rats
  12 fungi
  7 plants
873 creatures vanquished.

Vanquished Creatures (others)
  2 ugly things (D:14)
  A deep elf mage (D:13)
  A slave (D:9)
  An orc (D:10)
  A quokka (D:10)
  13 fungi
  21 plants
40 creatures vanquished.

Grand Total: 913 creatures vanquished

Notes
Turn   | Place    | Note
-------+----------+-------------------------------------------
     0 | D:1      | sentinel the Gargoyle Fighter began the quest for the Orb.
     0 | D:1      | Reached XP level 1. HP: 14/14 MP: 1/1
   125 | D:1      | Reached skill level 2 in Axes
   125 | D:1      | Reached XP level 2. HP: 14/19 MP: 2/2
   483 | D:1      | Reached XP level 3. HP: 23/23 MP: 3/3
  1324 | D:2      | Reached XP level 4. HP: 29/29 MP: 4/4
  1496 | D:2      | Reached skill level 3 in Axes
  2053 | D:2      | Reached XP level 5. HP: 31/33 MP: 5/5
  2704 | D:4      | You fall into a shaft and drop 2 floors!
  2725 | D:6      | Noticed an orc warrior
  2739 | D:6      | Noticed Eustachio
  2758 | D:6      | Killed an orc warrior
  2758 | D:6      | Reached XP level 6. HP: 27/39 MP: 6/6
  2760 | D:6      | Reached skill level 4 in Axes
  2794 | D:6      | Killed Eustachio
  2794 | D:6      | Reached XP level 7. HP: 16/44 MP: 7/7
  2858 | D:5      | Entered Level 5 of the Dungeon
  3068 | D:5      | Found a staircase to the Ecumenical Temple.
  3074 | Temple   | Entered the Ecumenical Temple
  3211 | D:4      | Found a glowing drain.
  3219 | Sewer    | Entered a sewer
  3292 | Sewer    | Reached skill level 5 in Armour
  3341 | Sewer    | Reached skill level 5 in Shields
  3344 | Sewer    | Reached skill level 5 in Fighting
  3538 | Sewer    | Reached skill level 5 in Axes
  3714 | D:4      | Reached XP level 8. HP: 49/49 MP: 8/8
  3889 | D:4      | Found an ancient bone altar of Kikubaaqudgha.
  3890 | D:4      | Found a bloodstained altar of Trog.
  4006 | D:4      | Paralysed by an orc priest for 3 turns
  4222 | D:4      | Found a sparkling altar of Nemelex Xobeh.
  4222 | D:4      | Found a stormy altar of Qazlal.
  4223 | D:4      | Found an opulent altar of Gozag.
  4223 | D:4      | Found an iron altar of Okawaru.
  4224 | D:4      | Found a blossoming altar of Fedhas.
  4224 | D:4      | Found a radiant altar of Vehumet.
  4237 | D:4      | Became a worshipper of Warmaster Okawaru
  4575 | D:5      | Reached skill level 6 in Axes
  4604 | D:5      | Noticed Grinder
  4617 | D:5      | Killed Grinder
  4752 | D:5      | Noticed Edmund
  4767 | D:5      | Killed Edmund
  4796 | D:5      | Noticed Blork the orc
  4800 | D:5      | Killed Blork the orc
  4876 | D:5      | Reached XP level 9. HP: 55/55 MP: 9/9
  5075 | D:6      | Reached * piety under Okawaru
  5170 | D:6      | Reached skill level 7 in Axes
  5557 | D:7      | Noticed Maggie
  5583 | D:7      | Killed Maggie
  5583 | D:7      | Reached skill level 1 in Evocations
  5585 | D:7      | Reached skill level 1 in Invocations
  5587 | D:7      | Noticed Menkaure
  5599 | D:7      | Killed Menkaure
  5612 | D:7      | Reached skill level 1 in Dodging
  5773 | D:7      | Reached ** piety under Okawaru
  6406 | D:7      | Reached XP level 10. HP: 63/63 MP: 11/11
  6831 | D:8      | Noticed Prince Ribbit
  6832 | D:8      | Found a runed translucent door.
  6838 | D:8      | Found a basalt altar of Yredelemnul.
  6840 | D:8      | Killed Prince Ribbit
  6893 | D:8      | Reached skill level 8 in Axes
  7246 | D:8      | Found a basalt altar of Yredelemnul.
  7248 | D:8      | Found a shimmering blue altar of Sif Muna.
  7467 | D:9      | Found a hazy altar of Hepliaklqana.
  7478 | D:9      | Noticed Pikel
  7497 | D:9      | Killed Pikel
  7561 | D:9      | Noticed a death yak
  7561 | D:9      | Noticed a death yak
  7563 | D:9      | Noticed a death yak
  7564 | D:9      | Noticed a death yak
  7575 | D:9      | Killed a death yak
  7575 | D:9      | Reached *** piety under Okawaru
  7580 | D:9      | Killed a death yak
  7584 | D:9      | Killed a death yak
  7584 | D:9      | Reached **** piety under Okawaru
  7584 | D:9      | Reached XP level 11. HP: 61/68 MP: 9/14
  7596 | D:9      | Killed a death yak
  7699 | D:9      | Found a staircase to the Lair.
  7745 | D:9      | Reached skill level 9 in Axes
  7750 | D:9      | Reached skill level 5 in Evocations
  8215 | D:9      | Found a shimmering altar of Xom.
  8542 | D:10     | Entered Level 10 of the Dungeon
  8549 | D:10     | Noticed a deep elf mage
  8551 | D:10     | Reached ***** piety under Okawaru
  8556 | D:10     | Received a gift from Okawaru
  8568 | D:10     | Killed a deep elf mage
  8947 | D:10     | Found a white marble altar of Elyvilon.
  8966 | D:10     | Killed an unseen horror
  9016 | D:10     | Found a staircase to the Orcish Mines.
  9136 | D:10     | Found Lahookem's Changing Room.
  9456 | D:11     | Reached skill level 5 in Invocations
  9864 | D:11     | Noticed a two-headed ogre
  9877 | D:11     | Killed a two-headed ogre
  9877 | D:11     | Reached XP level 12. HP: 39/75 MP: 16/16
 10277 | D:11     | Received a gift from Okawaru
 10729 | D:12     | Reached skill level 10 in Axes
 10782 | D:12     | Reached ****** piety under Okawaru
 10782 | D:12     | Received a gift from Okawaru
 11078 | D:12     | Found a sparkling altar of Nemelex Xobeh.
 11288 | D:12     | Received a gift from Okawaru
 11288 | D:12     | Reached XP level 13. HP: 71/80 MP: 15/18
 11291 | D:12     | Got a pair of jewelled boots {god gift}
 11297 | D:12     | Identified the +0 pair of boots of Absolutism {-Tele rPois
                  | Dex+4} (Okawaru gifted it to you on level 12 of the
                  | Dungeon)
 11806 | D:13     | Noticed a rakshasa
 11826 | D:13     | Killed a rakshasa
 12063 | D:13     | Noticed Kirke
 12091 | D:13     | Killed Kirke
 12091 | D:13     | Reached skill level 5 in Dodging
 12433 | D:13     | Reached skill level 11 in Axes
 12836 | D:13     | Noticed Nessos
 12847 | D:13     | Killed Nessos
 12937 | D:13     | Reached skill level 10 in Armour
 13307 | D:13     | Received a gift from Okawaru
 13307 | D:13     | Reached skill level 10 in Shields
 13497 | D:14     | Found a sacrificial altar of Ru.
 13555 | D:14     | Reached skill level 10 in Fighting
 13568 | D:14     | Found a gate to the Vaults.
 13568 | D:14     | Noticed a vault guard
 13568 | D:14     | Noticed a vault guard
 13568 | D:14     | Noticed a vault guard
 13568 | D:14     | Noticed a vault guard
 13584 | D:14     | Killed a vault guard
 13598 | D:14     | Killed a vault guard
 13609 | D:14     | Killed a vault guard
 13612 | D:14     | Killed a vault guard
 13786 | D:14     | Gained mutation: Your large and strong wings let you fly
                  | indefinitely. [Gargoyle growth]
 13786 | D:14     | Reached XP level 14. HP: 88/88 MP: 20/20
 14698 | D:14     | Received a gift from Okawaru
 14778 | D:15     | Entered Level 15 of the Dungeon
 15318 | D:15     | Found a staircase to the Depths.
 15325 | D:15     | Reached skill level 12 in Axes
 15560 | D:15     | Reached skill level 10 in Evocations
 15696 | D:15     | Received a gift from Okawaru
 16414 | Lair:1   | Entered Level 1 of the Lair of Beasts
 16628 | Lair:1   | Reached XP level 15. HP: 93/93 MP: 22/22
 17264 | Lair:2   | Found a staircase to the Shoals.
 19284 | Lair:4   | Found a hole to the Spider Nest.
 19932 | Lair:5   | Noticed Josephine
 19946 | Lair:5   | Received a gift from Okawaru
 19956 | Lair:5   | Killed Josephine
 20185 | Lair:5   | Received a gift from Okawaru
 20271 | Lair:5   | Found a staircase to the Slime Pits.
 21298 | Lair:6   | Entered Level 6 of the Lair of Beasts
 21590 | Lair:6   | Reached skill level 13 in Axes
 21781 | Lair:6   | Reached XP level 16. HP: 97/100 MP: 21/24
 21782 | Lair:6   | Received a gift from Okawaru
 21787 | Lair:6   | Got a brightly glowing ring mail {god gift}
 22678 | Lair:6   | Got a twisted falchion
 22689 | Lair:6   | Identified Vecus's Reference Book on Quantum Companions
 22745 | Lair:6   | Found the +0 mask of the Dragon {MR+ Slay+3 SInv}
 22784 | Lair:6   | Identified the +3 ring mail "Reinoj" {rF+ rC+ MR- Int+2}
                  | (Okawaru gifted it to you on level 6 of the Lair of Beasts)
 23040 | Orc:1    | Entered Level 1 of the Orcish Mines
 23214 | Orc:2    | Entered Level 2 of the Orcish Mines
 23214 | Orc:2    | Found Fyejoot's Jewellery Boutique.
 23224 | Orc:2    | Noticed Urug
 23236 | Orc:2    | Killed Urug
 23402 | Orc:2    | Found a staircase to the Elven Halls.
 23489 | Orc:2    | Found Mirev's Antique Weapon Boutique.
 23502 | Orc:2    | Reached skill level 10 in Invocations
 23562 | Orc:2    | Found Zukhoh's General Store.
 23856 | Orc:2    | Found Wivash's Antique Armour Emporium.
 23869 | Orc:2    | Bought a polished scale mail for 270 gold pieces
 23872 | Orc:2    | Identified the +4 scale mail "Vurimaf" {rN+ Str-3 Dex+6}
                  | (You bought it in a shop on level 2 of the Orcish Mines)
 24004 | Orc:2    | Bought 2 potions of curing for 72 gold pieces
 24326 | Orc:2    | Bought an uncursed ring of protection from fire for 375
                  | gold pieces
 24347 | Orc:1    | HP: 5/101 [orc priest/divine providence (10)]
 24348 | Orc:1    | HP: 2/101 [orc warrior/+0 halberd[an orc warlord] (18)]
 24348 | Orc:1    | Killed from afar by an orc priest

Illustrated notes

Levels and vault maps discovered:
D:1:      psy_arrival_conway, layout_basic, kennysheep_boxes
D:2:      layout_basic, minmay_nonomino_d4
D:3:      layout_loops_ring, first_ration
D:4:      layout_basic, grunt_temple_overflow_open,
          cheibrodos_sewer_entry_sluice
D:5:      layout_gridville, minmay_temple_entry_wispy, uniq_grinder,
          uniq_edmund, uniq_blork_the_orc
D:6:      layout_basic, uniq_eustachio
D:7:      layout_basic, hangedman_decor_clover_reticule, uniq_maggie,
          uniq_menkaure
D:8:      layout_cave_pools, chequers_temple_overflow_statue_of_worship,
          kennysheep_nub, dk_yredelemnul_ordeal, uniq_prince_ribbit1
D:9:      layout_grid_maze, nicolae_overflow_crystal_walls, lemuel_doored_altar,
          dpeg_lair_monsters, uniq_pikel
D:10:     layout_roguey, orc_0_dummy, hangedman_stone_soup,
          nicolae_transmutations_shop, elyvilon_altar_4
D:11:     layout_loops_ring
D:12:     hangedman_screamer, layout_basic, drop_trap, kennysheep_another_room,
          nemelex_xobeh_ov_fountains_minmay
D:13:     layout_stronghold, kennysheep_generic_room_8, uniq_nessos, uniq_kirke
D:14:     layout_long_grid, lightli_vaults_fourway_checkpoint,
          nicolae_water_bricks, lemuel_altar_in_water
D:15:     grunt_enter_depths_magical_seal, layout_loops_corners,
          kennysheep_flooded_box
Temple:   eino_temple_lava
Lair:1:   layout_concentric_octagons, chequers_serial_rivers_room_b,
          wad_woods_02
Lair:2:   layout_regular_city, elwin_shoals_entry_rocks,
          chequers_serial_rivers_large_a, minmay_lair_oklob_chamber
Lair:3:   layout_regular_city, beast_lair_carwin_7, lemuel_fruit_fields
Lair:4:   layout_regular_city, spider_nest_entry_web_field
Lair:5:   layout_hall_layers, minmay_slime_entry_pillars, grunt_megastairs_3,
          uniq_josephine
Lair:6:   grunt_lair_end_beastmaster, layout_long_grid, serial_bayou_lagoon_a
Orc:1:    layout_caves, led_sif_book
Orc:2:    grunt_orc_gardens, layout_caves, grunt_orc_garden, grunt_orc_garden,
          grunt_orc_garden, grunt_orc_garden, uniq_urug

Skill      XL: |  1  2  3  4  5  6  7  8  9 10 11 12 13 14 15 16 |
---------------+-------------------------------------------------+-----
Axes           | 2 3 4 5 6 7 8 9 10 11 12 13 | 13.5
Fighting       | 4 5 6 7 8 9 10 11 | 11.9
Armour         | 4 5 6 7 8 9 10 11 | 11.9
Shields        | 4 5 6 7 8 9 10 11 | 11.9
Evocations     | 2 4 6 7 9 10 11 | 11.7
Invocations    | 1 3 5 6 7 8 9 10 | 10.0
Dodging        | 1 2 3 4 5 6 7 |  7.6

Action                   |  1- 3 |  4- 6 |  7- 9 | 10-12 | 13-15 | 16-18 || total
-------------------------+-------+-------+-------+-------+-------+-------++-------
Melee: War axe           |   126 |   233 |   608 |    86 |       |       ||  1053
       Hand axe          |       |       |       |   561 |   686 |       ||  1247
       Broad axe         |       |       |       |     7 |   437 |   234 ||   678
Throw: Dart              |       |       |       |       |     1 |     2 ||     3
Invok: Heroism           |       |       |       |    16 |    24 |     4 ||    44
       Finesse           |       |       |       |       |     5 |     1 ||     6
 Abil: Evoke Invisibilit |       |       |       |     4 |     7 |     2 ||    13
       Fly               |       |       |       |       |     1 |       ||     1
Evoke: Wand              |       |       |     7 |     2 |     4 |     1 ||    14
  Use: Scroll            |     1 |       |     5 |     4 |    13 |    18 ||    41
       Potion            |       |     4 |     3 |     2 |       |     4 ||    13
 Stab: Invisible         |       |       |       |    30 |    29 |    13 ||    72
  Eat: Chunk             |     2 |     5 |    13 |    17 |    36 |     9 ||    82
       Ration            |       |       |       |       |     1 |       ||     1
Armor: Scale mail        |    59 |    10 |       |       |       |       ||    69
       Chain mail        |       |   125 |   161 |       |       |       ||   286
       Plate armour      |       |       |   136 |   194 |   371 |   110 ||   811
Dodge: Dodged            |    39 |    58 |   186 |   161 |   328 |    62 ||   834
Block: Kite shield       |    86 |   224 |   631 |   455 |   750 |   216 ||  2362
       Reflection        |       |     2 |     9 |    12 |    30 |     9 ||    62
